 Dungeon Crawl Stone Soup version 0.29.1-15-g9cfb28693d (webtiles) character file.

Game seed: 4615282452577501177

466 H0rd4k the Trooper (level 7, 0/48 HPs)
             Began as an Octopode Artificer on Mar 30, 2023.
             Was a Follower of Yredelemnul.
             Succumbed to a scorpion's poison
             ... on level 4 of the Dungeon.
             The game lasted 00:03:58 (2952 turns).

H0rd4k the Trooper (Octopode Artificer)             Turns: 2952, Time: 00:03:58

Health: 0/48       AC:  8    Str: 10 (11) XL:     7   Next: 8%
Magic:  11/11      EV: 13    Int: 12 (15) God:    Yredelemnul [*.....]
Gold:   127        SH:  0    Dex: 11 (13) Spells: 12/12 levels left

rFire   . . .      SeeInvis .   g - +0 trident (protect)
rCold   . . .      Faith    .   (no shield)
rNeg    . . .      Spirit   .   (helmet restricted)
rPois   .          Reflect  .   (no amulet)
rElec   .          Harm     .   (no ring)
rCorr   .          Rampage  .   (no ring)
Will    .....                   (no ring)
Stlth   +++.......              (no ring)
HPRegen 0.16/turn               (no ring)
MPRegen 0.12/turn               (no ring)
                                (no ring)
                                (no ring)

@: mighty, lethally poisoned (0 -> -4), under a protective aura
A: almost no armour, amphibious, 8 rings, camouflage 1, gelatinous body 1,
(nimble swimmer 1), tentacles
a: Renounce Religion, Recall Undead Harvest


You were on level 4 of the Dungeon.
You worshipped Yredelemnul.
Yredelemnul was noncommittal.
You visited 1 branch of the dungeon, and saw 4 of its levels.

You collected 127 gold pieces.

Inventory:

Hand Weapons
 g - a +0 trident of protection (weapon)
Missiles
 m - 6 poisoned darts
Jewellery
 i - a ring of ice
Wands
 b - a wand of flame (15) (quivered)
 c - a wand of charming (10)
 d - a wand of iceblast (4)
 f - a wand of digging (5)
Scrolls
 a - 2 scrolls of identify {unknown}
 e - a scroll of enchant armour {unknown}
 h - a scroll of blinking {unknown}
 k - a scroll of silence {unknown}
 l - a scroll of enchant weapon {unknown}
 n - a scroll of vulnerability {unknown}


   Skills:
 * Level 4.1 Fighting
 + Level 3.7 Polearms
 - Level 2.3 Dodging
 - Level 1.3 Stealth
 + Level 1.9 Unarmed Combat
 * Level 3.0 Spellcasting
 - Level 3.2 Evocations


You had 12 spell levels left.
You didn't know any spells.
Your spell library contained the following spells:

 Spells                   Type           Power      Damage    Failure   Level
 Sublimation of Blood     Necr           1%         N/A       36%         2
 Wereblood                Tmut           1%         N/A       36%         2
 Conjure Ball Lightning   Conj/Air       0%         3x3d6     100%        6
 Summon Hydra             Summ           0%         N/A       100%        7
 Discord                  Hex            0%         N/A       100%        8
 Disjunction              Tloc           0%         N/A       100%        8


Dungeon Overview and Level Annotations

Branches:
Dungeon (4/15)
 Temple: D:4-7

Altars:
Ashenzari
Vehumet
Yredelemnul

Annotations:
D:3 2 transporters
D:4 Edmund


Innate Abilities, Weirdness & Mutations

You cannot wear most types of armour.
You are amphibious.
You can wear up to eight rings at the same time.
Your skin changes colour to match your surroundings (Stealth+).
Your rubbery body absorbs attacks. (AC +1, EV +1)
((You are camouflaged when in or above water. (Stealth+)))
You have tentacles for arms and can constrict up to eight enemies at once.


Message History

Your Spellcasting skill increases to level 3!
You have reached level 7!
You don't know any spells.
Edmund and an orc wizard come into view.
Edmund is wielding a +3 vorpal flail and carrying a wand of roots (3).
Found 15 gold pieces.
* * * LOW HITPOINT WARNING * * *
You feel very sick. The kobold hits you but does no damage.
An orc comes into view. It is wielding a +0 trident.
The orc wizard moves out of view.
You see here 4 stones.
It was a potion of degeneration.
There was something very wrong with that liquid.
You feel weakened.
You feel dopey.
You feel clumsy.
* * * LOW HITPOINT WARNING * * *
You feel very sick.
The kobold hits you with a +0 short sword.
* * * LOW HITPOINT WARNING * * *
It was a potion of might.
You feel very mighty all of a sudden.
* * * LOW HITPOINT WARNING * * *
You feel very sick. The kobold hits you but does no damage.
Edmund shouts!
You impale the kobold!!
You kill the kobold!
The dead are walking!
* * * LOW HITPOINT WARNING * * *
You feel sick.
The puff of flame hits your kobold zombie.
The orc barely misses your kobold zombie.
You swap places.
* * * LOW HITPOINT WARNING * * *
You feel sick.
* * * LOW HITPOINT WARNING * * *
You feel sick.
You swap places.
You die...
Your body rises from the dead as a mindless zombie.

......####.# #...........
......'....#####........!
......###....###.........
......# ##.#..##.#####...
####### #.##)##Z# ...
#.##....## ..
#.####...### #.# ##Z...#
#.# #@##..# #.# #Z# .....
#Z# .### #(# . #)# ## Z.#
.### .o ..


You could see a friendly ball python zombie (wandering), a friendly adder
zombie, a friendly endoplasm zombie (wandering), a friendly goblin zombie
(wandering) and a friendly kobold zombie (confused).

Vanquished Creatures
  Sigmund (D:3)
  A necrophage (D:3)
  A scorpion (D:4)
  An iguana (D:4)
  Terence (D:2)
  An orc wizard (D:3)
  An adder (D:3)
  2 worms (D:2)
  A dart slug (D:1)
  2 orcs (D:3)
  3 endoplasms
  2 giant cockroaches (D:3)
  11 goblins
  8 hobgoblins
  3 jackals (D:2)
  A quokka (D:2)
  3 ball pythons
  5 bats
  A frilled lizard (D:1)
  4 kobolds
  2 rats
55 creatures vanquished.

Vanquished Creatures (collateral kills)
  Robin (D:2)
  An adder (D:4)
  An orc (D:3)
  3 ball pythons
  A bat (D:1)
  A giant cockroach (D:1)
  A hobgoblin (D:1)
  A jackal (D:2)
  2 rats (D:2)
12 creatures vanquished.

Vanquished Creatures (others)
  A bat zombie (D:1)
  A ball python zombie (D:3)
  A giant cockroach zombie (D:3)
  4 goblin zombies (D:2)
  A hobgoblin zombie (D:4)
  2 jackal zombies (D:2)
10 creatures vanquished.

Grand Total: 77 creatures vanquished

Notes
Turn   | Place    | Note
-------+----------+-------------------------------------------
     0 | D:1      | H0rd4k the Octopode Artificer began the quest for the Orb.
     0 | D:1      | Reached XP level 1. HP: 13/13 MP: 1/1
   188 | D:1      | Found a faded altar of an unknown god.
   214 | D:1      | Prayed at the altar of an unknown god.
   214 | D:1      | Became a worshipper of Yredelemnul the Dark
   214 | D:1      | Reached * piety under Yredelemnul
   230 | D:1      | Reached XP level 2. HP: 12/18 MP: 3/3
   233 | D:1      | Reached skill level 1 in Spellcasting
   339 | D:2      | Noticed Terence
   352 | D:2      | Killed Terence
   353 | D:2      | Reached skill level 2 in Fighting
   353 | D:2      | Reached XP level 3. HP: 5/24 MP: 3/5
   717 | D:2      | Reached skill level 1 in Unarmed Combat
   776 | D:2      | Reached XP level 4. HP: 17/30 MP: 5/7
   779 | D:2      | Reached ** piety under Yredelemnul
  1147 | D:2      | Reached *** piety under Yredelemnul
  1416 | D:2      | Noticed Robin
  1470 | D:2      | Killed Robin
  1673 | D:3      | Found a transporter.
  1739 | D:3      | Found a transporter.
  1758 | D:3      | Reached skill level 1 in Polearms
  1825 | D:3      | Reached XP level 5. HP: 6/36 MP: 8/8
  2093 | D:3      | Found a broken altar of Ashenzari.
  2135 | D:3      | Reached skill level 3 in Fighting
  2196 | D:3      | Noticed Sigmund
  2207 | D:3      | Killed Sigmund
  2208 | D:3      | Reached XP level 6. HP: 22/43 MP: 8/10
  2507 | D:3      | Found a radiant altar of Vehumet.
  2669 | D:4      | Noticed a sky beast
  2912 | D:4      | Noticed a wyvern
  2946 | D:4      | Reached skill level 4 in Fighting
  2946 | D:4      | Reached XP level 7. HP: 18/48 MP: 11/11
  2946 | D:4      | Noticed Edmund
  2950 | D:4      | HP: 2/48 [poisoned by a scorpion]
  2952 | D:4      | Succumbed to a scorpion's poison

Illustrated notes

Levels and vault maps discovered:
D:1:      minmay_arrival_stair_chambers, layout_basic,
          hellmonk_ecumenical_altar_pennies_from_heaven
D:2:      layout_basic, amcnicky_mini_corridor_feature, minmay_3d_cube,
          uniq_terence, uniq_robin
D:3:      gammafunk_steamed_eel, layout_rooms, mainiacjoe_overflow_alcove_1,
          general_overflow_altar, uniq_sigmund
D:4:      layout_basic, uniq_crazy_yiuf_cottage, uniq_menkaure, uniq_ijyb,
          uniq_edmund

Skill      XL: |  1  2  3  4  5  6 |
---------------+-------------------+-----
Spellcasting   | 1 2 3 |  3.0
Fighting       | 2 3 4 |  4.1
Unarmed Combat | 1 |  1.9
Polearms       | 1 3 |  3.7
Dodging        | |  2.3
Stealth        | |  1.3
Evocations     | |  3.2

Action                   |  1- 3 |  4- 6 |  7- 9 || total
-------------------------+-------+-------+-------++-------
Melee: Unarmed           |    30 |       |       ||    30
       Constrict         |    17 |    20 |       ||    37
       Tentacles         |     5 |    16 |       ||    21
       Punch             |     1 |       |       ||     1
       Trident           |    22 |   117 |     1 ||   140
Evoke: Wand              |     1 |     5 |       ||     6
  Use: Potion            |       |     1 |     2 ||     3
 Stab: Sleeping          |     2 |     8 |       ||    10
Armor: Skin              |    15 |    46 |     2 ||    63
Dodge: Dodged            |    46 |    61 |       ||   107
